 Dungeon Crawl Stone Soup version 0.24.0-13-gcf9b3192b9 (webtiles) character file.

Game seed: 5605100117628441605, levelgen mode: deterministic

2448 Curus the Spear-Bearer (level 9, -3/108 HPs)
             Began as a Green Draconian Berserker on Nov 9, 2019.
             Was an Elder of Trog.
             Slain by a yak (15 damage)
             ... on level 7 of the Dungeon.
             The game lasted 00:28:39 (7145 turns).

Curus the Spear-Bearer (Green Draconian Berserker)  Turns: 7145, Time: 00:28:40

Health: -3/108     AC: 14    Str: 26    XL:     9   Next: 25%
Magic:  9/9        EV: 13    Int: 11    God:    Trog [****..]
Gold:   442        SH:  4    Dex: 13    Spells: 8/8 levels left

rFire    . . .     SeeInvis .   a - +7 spear
rCold    + . .     Gourm    .   f - +1 buckler
rNeg     . . .     Faith    .   (armour unavailable)
rPois    +         Spirit   .   (helmet restricted)
rElec    .         Reflect  .   h - +1 cloak
rCorr    .         Harm     .   p - +1 pair of gloves
MR       .....                  A - +2 pair of boots
Stlth    ..........             (no amulet)
HPRegen  0.28/turn              x - ring of flight
MPRegen  0.11/turn              r - ring of protection from cold

@: berserking, very quick
A: breathe noxious fumes, unfitting armour, clever 1, poison resistance, strong
1, wild magic 1, cold-blooded, MP-powered wands, AC +7
a: Breathe Noxious Fumes, Berserk, Trog's Hand, Brothers in Arms, Renounce
Religion, Evoke Flight


You were on level 7 of the Dungeon.
You worshipped Trog.
Trog was greatly pleased with you.
You were near starving.

You visited 1 branch of the dungeon, and saw 7 of its levels.
You also visited: Sewer and Ossuary.

You collected 442 gold pieces.

Inventory:

Hand Weapons
 a - a +7 spear (weapon)
Armour
 f - a +1 buckler (worn)
 h - a +1 cloak (worn)
 n - a +0 shield
 p - a +1 pair of gloves (worn)
 A - a +2 pair of boots (worn)
Jewellery
 e - an uncursed ring of protection from magic
 q - an uncursed amulet of inaccuracy
 r - a ring of protection from cold (right hand)
 x - a ring of flight (left hand)
Wands
 l - a wand of scattershot (8)
 m - a wand of paralysis (10)
 o - a wand of disintegration (10)
 s - a wand of flame (39)
Scrolls
 g - 5 scrolls of remove curse
 i - 2 scrolls of enchant weapon
 u - 3 scrolls of blinking
 v - 2 scrolls of magic mapping
 w - 2 scrolls of teleportation
 y - a scroll of identify
Potions
 c - a potion of might
 d - 6 potions of curing
 j - 7 potions of heal wounds
 k - a potion of flight
 t - 2 potions of cancellation
 z - 2 potions of haste
Comestibles
 b - 11 rations


   Skills:
 + Level 4.5 Fighting
 - Level 12.0 Polearms
 + Level 3.7 Dodging


You had 8 spell levels left.
You didn't know any spells.
Your spell library was empty.

Dungeon Overview and Level Annotations

Branches:
Dungeon (7/15)             Temple (0/1) D:7           Sewer (visited)
Ossuary (visited)

Altars:
Ashenzari
Elyvilon
Gozag
Hepliaklqana
Okawaru
Qazlal
Sif Muna
Trog
Zin


Innate Abilities, Weirdness & Mutations

You can breathe blasts of noxious fumes.
Your lurid green scales are hard. (AC +7)
You cannot fit into any form of body armour.
Your system is resistant to poisons. (rPois)
You are cold-blooded and may be slowed by cold attacks.
Your mind is acute. (Int +2)
Your muscles are strong. (Str +2)
Your spells are a little harder to cast, but a little more powerful.
You expend magic power (3 MP) to strengthen your wands.


Message History

* * * LOW HITPOINT WARNING * * *
You puncture the yak!
The yak is almost dead.
The yak gores you.
* * * LOW HITPOINT WARNING * * *
You impale the yak!!
You feel the power of Trog in you as your rage grows.
You kill the yak!
Trog accepts your kill.
You barely miss the hog.
Your tail-slap misses the hog.
The hog bites you.
* * * LOW HITPOINT WARNING * * *
You closely miss the hog. You tail-slap the hog!
The hog is moderately wounded.
You closely miss the hog.
The hog is moderately wounded.
You block the hog's attack.
You puncture the hog!
The hog is severely wounded.
The yak gores you!
You die...

###... ###### ###
#.... ##..
#...####### #...
#...@Y).%%# #...
#...#h...%# #..
#...###'### #..
#...#.....# #..
#'###.....# #..
#...####### #..
#........# #..
#.......###########..
#.......##.......##..


You could see a yak and a hog.

Vanquished Creatures
  Prince Ribbit (D:7)
  A yak (D:7)
  A human (D:7)
  A hog (D:7)
  2 orc warriors (D:6)
  2 eyes of draining (D:6)
  A phantom (D:4)
  A centaur (D:5)
  Blork the orc (D:6)
  A bullfrog (D:7)
  2 elf zombies (Ossuary)
  2 big kobolds
  2 scorpions
  2 howler monkeys
  2 crimson imps
  A centaur zombie (Ossuary)
  A quasit (D:6)
  2 orc priests
  A hound (D:5)
  An orc wizard (D:6)
  4 worker ants
  A hound skeleton (D:5)
  2 mummies (Ossuary)
  8 adders
  4 gnolls (D:5)
  3 river rats (Sewer)
  4 shadow imps
  2 oozes (D:1)
  2 adder zombies (Ossuary)
  An adder skeleton (D:4)
  3 worms
  5 dart slugs
  6 leopard geckos
  11 orcs
  4 giant cockroaches
  3 goblins
  7 hobgoblins
  13 jackals
  10 kobolds
  5 quokkas
  7 bats
  4 frilled lizards
  3 goblin zombies (Ossuary)
  9 hobgoblin zombies (Ossuary)
  10 kobold zombies (Ossuary)
  A leopard gecko skeleton (D:5)
  7 orc zombies (Ossuary)
  A quokka zombie (D:7)
  6 rats
  2 rat zombies (Ossuary)
176 creatures vanquished.

Notes
Turn   | Place    | Note
-------+----------+-------------------------------------------
     0 | D:1      | Curus the Draconian Berserker began the quest for the Orb.
     0 | D:1      | Reached XP level 1. HP: 19/19 MP: 1/1
    15 | D:1      | Reached XP level 2. HP: 24/26 MP: 2/2
   157 | D:1      | Reached skill level 4 in Polearms
   279 | D:1      | Reached XP level 3. HP: 30/31 MP: 3/3
   510 | D:2      | Found a stormy altar of Qazlal.
   655 | D:2      | Reached ** piety under Trog
   695 | D:2      | Found a glowing silver altar of Zin.
  1566 | D:3      | Reached XP level 4. HP: 38/38 MP: 4/4
  1656 | D:3      | Reached skill level 5 in Polearms
  2034 | D:3      | Reached XP level 5. HP: 42/45 MP: 5/5
  2037 | D:3      | Found a glowing drain.
  2046 | Sewer    | Entered a sewer
  2069 | Sewer    | Reached skill level 6 in Polearms
  2071 | Sewer    | Reached *** piety under Trog
  2329 | Sewer    | Found a white marble altar of Elyvilon.
  2584 | D:3      | Found a white marble altar of Elyvilon.
  2882 | D:4      | Noticed a phantom
  2885 | D:4      | Reached XP level 6. HP: 51/51 MP: 6/6
  2958 | D:4      | Reached skill level 7 in Polearms
  3020 | D:4      | Found a sand-covered staircase.
  3036 | Ossuary  | Entered an ossuary
  3196 | Ossuary  | Reached skill level 8 in Polearms
  3227 | Ossuary  | Your scales start taking on a lurid green colour.
  3227 | Ossuary  | Reached XP level 7. HP: 22/57 MP: 7/7
  3227 | Ossuary  | Gained mutation: Your system is resistant to poisons.
                  | (rPois) [Green Draconian growth]
  3306 | Ossuary  | Gained mutation: You expend magic power (3 MP) to
                  | strengthen your wands. [potion of mutation]
  3306 | Ossuary  | Gained mutation: Your mind is acute. (Int +2) [potion of
                  | mutation]
  3306 | Ossuary  | Gained mutation: Your spells are a little harder to cast,
                  | but a little more powerful. [potion of mutation]
  3306 | Ossuary  | Gained mutation: Your muscles are strong. (Str +2) [potion
                  | of mutation]
  3344 | Ossuary  | Reached **** piety under Trog
  3836 | D:5      | Entered Level 5 of the Dungeon
  3994 | D:5      | Reached skill level 9 in Polearms
  4252 | D:5      | Found a shimmering blue altar of Sif Muna.
  5345 | D:6      | Found a hazy altar of Hepliaklqana.
  5372 | D:6      | Reached XP level 8. HP: 63/63 MP: 8/8
  5398 | D:6      | Found a bloodstained altar of Trog.
  5402 | D:6      | Reached skill level 10 in Polearms
  5437 | D:6      | Found a shattered altar of Ashenzari.
  5645 | D:6      | Noticed Blork the orc
  5655 | D:6      | Killed Blork the orc
  5655 | D:6      | Reached skill level 11 in Polearms
  6078 | D:6      | Found an iron altar of Okawaru.
  6452 | D:7      | Found a staircase to the Ecumenical Temple.
  6786 | D:7      | Found an opulent altar of Gozag.
  7050 | D:7      | Noticed Prince Ribbit
  7058 | D:7      | Killed Prince Ribbit
  7058 | D:7      | Reached skill level 12 in Polearms
  7058 | D:7      | Reached XP level 9. HP: 67/70 MP: 9/9
  7145 | D:7      | Slain by a yak

Levels and vault maps discovered:
D:1:      lightli_arrival_maybe_door_vault, layout_basic, dk_noncrumbling_3
D:2:      layout_basic, zin_treasury, nicolae_qazlal_general_emergency,
          first_ration
D:3:      layout_basic, old_standard_altar, gup_sewer_entry_bubbles
D:4:      layout_cave_pools, nicolae_ossuary_entry_monument, dk_noncrumbling_2
D:5:      layout_layer_cave, lemuel_blue_sif_altar
D:6:      layout_layer_cave, trog_eyes_of_draining, evilmike_ruin_ashenzari,
          okawaru_metal_pillars_1_2, basic_altar, uniq_blork_the_orc
D:7:      layout_gridville, lemuel_round_altar, minmay_temple_entry_wispy,
          minmay_misc_feat_nine_boxes, grunt_livestock,
          corexii_item_surrounded_by_moat, uniq_duvessa, uniq_prince_ribbit1

Skill      XL: |  1  2  3  4  5  6  7  8  9 |
---------------+----------------------------+-----
Polearms       | 4 5 6 8 9 12 | 12.0
Dodging        | 3 |  3.7
Fighting       | 4 |  4.5

Action                   |  1- 3 |  4- 6 |  7- 9 || total
-------------------------+-------+-------+-------++-------
Melee: Spear             |   130 |   271 |   283 ||   684
       Tailslap          |    14 |    35 |    30 ||    79
Invok: Berserk           |       |       |     5 ||     5
 Abil: Evoke Flight      |       |       |     1 ||     1
  Use: Scroll            |     8 |     6 |     7 ||    21
       Potion            |     4 |     4 |     3 ||    11
 Stab: Sleeping          |     2 |     1 |     3 ||     6
  Eat: Chunk             |     2 |     5 |     6 ||    13
       Ration            |       |       |     3 ||     3
Armor: Skin              |    28 |    39 |    51 ||   118
Dodge: Dodged            |    69 |    82 |    97 ||   248
Block: Buckler           |     2 |    25 |    32 ||    59
